Map: Ulrena

Players

Rypall

  • Race: Protoss Protoss
  • League: Bronze
  • Spawn Location: 7:00

zidar - Winner!

  • Race: Zerg Zerg
  • League: Silver
  • Spawn Location: 11:00

VOD

Have the link to the VOD?

Description

Time

  • Played on: Jan. 3, 2016, 10:10 a.m.
  • Length: 6:18
Show
View Real Time Build Order
Export as new Build Order

Rypall Protoss 

Build Orders:  

Get SALT Encoding   

  12  0:09  Probe (Chrono Boost)  
  13  0:19  Probe (Chrono Boost)  
  14  0:47  Pylon  
  14  0:55  Pylon  
  14  1:14  Forge  
  14  1:31  Assimilator  
  14  1:42  Pylon  
  14  1:47  Pylon  
  14  2:00  Photon Cannon  
  14  2:04  Photon Cannon  
  14  2:06  Photon Cannon  
  14  2:15  Photon Cannon  
  14  2:23  Gateway  
  14  2:29  Pylon  
  14  2:36  Pylon  
  14  2:43  Pylon  
  14  3:04  Gateway  
  14  3:11  Gateway, Zealot  
  16  3:15  Probe (Chrono Boost)  
  17  3:35  Photon Cannon  
  17  3:42  Zealot  
  3  4:42  Zealot  
  3  4:45  Zealot  
  7  4:49  Probe (Chrono Boost)  
  8  4:59  Probe (Chrono Boost)  
  8  5:10  Zealot  
Show
View Real Time Build Order
Export as new Build Order

zidar Zerg - Winner!

Build Orders: Hatch First 

Get SALT Encoding   

  12  0:01  Drone  
  13  0:12  Overlord  
  13  0:17  Drone  
  14  0:30  Drone x2  
  14  0:34  Drone  
  17  0:55  Hatchery  
  16  0:57  Drone  
  17  1:11  Spawning Pool  
  17  1:14  Drone  
  17  1:29  Extractor, Drone  
  17  1:34  Overlord, Drone  
  18  1:41  Drone  
  19  2:05  Drone x2  
  21  2:08  Queen  
  21  2:10  Queen  
  21  2:15  Drone  
  26  2:26  Drone x3  
  29  2:37  Metabolic Boost  
  29  3:01  Overlord x2  
  29  3:04  Hatchery  
  28  3:13  Lair  
  28  3:18  Roach Warren  
  28  3:27  Roach Warren  
  27  3:43  Zergling x22  
  38  4:13  Roach  
  38  4:14  Roach x2  
  39  4:39  Roach  
  39  4:40  Roach x4  
  49  4:55  Overlord x2  
  49  4:56  Overlord  
  49  5:05  Queen  
  42  5:19  Roach x5  
  42  5:20  Roach  
  46  5:49  Roach  
  52  5:50  Roach x2  
Tags
 
Matchup
PvZ
Spawn Locations
Close Positions
Add a new tag
Caveats
  • Supply blocks, unpowered buildings, or Contaminate may cause inaccurate times.
  • Supply counts are checked every 10 seconds.